 Dungeon Crawl Stone Soup version 0.26-a0-660-gc07710193c (webtiles) character file.

Game seed: 6483579643745041474

2132 Borbozo the Conjurer (level 9, -1/91 HPs)
             Began as a Human Conjurer on Oct 7, 2020.
             Killed from afar by Maggie (23 damage)
             ... with a bolt of fire
             ... on level 7 of the Dungeon on Oct 8, 2020.
             The game lasted 01:04:31 (7754 turns).

Borbozo the Conjurer (Human Conjurer)               Turns: 7754, Time: 01:04:32

Health: -1/91      AC: 24    Str:  7    XL:     9   Next: 55%
Magic:  1/16       EV:  2    Int: 21    God:
Gold:   89         SH:  5    Dex: 13    Spells: 2/18 levels left

rFire    . . .     SeeInvis .   g - +1 dagger
rCold    . . .     Faith    .   (no shield)
rNeg     + + +     Spirit   .   (armour currently unavailable)
rPois    +         Reflect  +   (helmet currently unavailable)
rElec    .         Harm     .   (cloak currently unavailable)
rCorr    .         Rampage  .   (gloves currently unavailable)
MR       .....     NoTele   +   (boots currently unavailable)
Stlth    +++.......             b - amulet of reflection
HPRegen  0.25/turn              G - ring of stealth
MPRegen  0.15/turn              L - ring of attention (curse)

@: tree-form, lightly drained
A: no striking features
a: no special abilities


You were on level 7 of the Dungeon.
You were a tree.
You visited 1 branch of the dungeon, and saw 7 of its levels.

You collected 329 gold pieces.
You spent 240 gold pieces at shops.

Inventory:

Hand Weapons
 g - a +1 dagger (weapon)
 h - a +0 short sword
 l - a +0 short sword
 t - a +1 spectral club
 u - a +3 hand axe
 P - a +2 whip of flaming
Missiles
 n - 54 sling bullets
 o - 18 boomerangs (quivered)
 H - 40 poisoned darts
Armour
 a - a +2 robe
 e - a +2 pair of boots (melded)
 k - a +0 pair of boots
 x - a +0 hat (melded)
 I - a +0 helmet
 J - a +0 cloak
 O - a +2 robe of cold resistance (melded)
Magical Staves
 R - an uncursed staff of earth {unknown}
Jewellery
 b - an amulet of reflection (around neck)
 p - a +4 ring of protection {unknown}
 r - a +4 ring of protection {unknown}
 y - a cursed amulet of inaccuracy
 B - an uncursed ring of protection from cold
 C - a +6 ring of intelligence
 D - a +4 ring of protection {unknown}
 G - a ring of stealth (left branch)
 L - a cursed ring of attention (right branch)
 Q - a cursed ring of teleportation {unknown}
Wands
 v - a wand of random effects (12)
 z - a wand of paralysis (7)
 N - a wand of polymorph (7)
Scrolls
 c - 2 scrolls of immolation
 d - 3 scrolls of blinking
 f - a scroll of fear
 m - 2 scrolls of teleportation
 A - a scroll of enchant weapon
 K - 2 scrolls of noise
 S - a scroll of identify
Potions
 i - 3 potions of heal wounds
 j - a potion of ambrosia {unknown}
 q - 3 potions of haste
 s - 2 potions of lignification
 w - 2 potions of brilliance {unknown}
 E - a potion of stabbing {unknown}
 F - 2 potions of curing
 M - 2 potions of cancellation {unknown}


   Skills:
 + Level 1.9(1.7) Fighting
 + Level 4.0(3.8) Short Blades
 + Level 5.7(5.4) Dodging
 + Level 5.9(5.6) Stealth
 + Level 5.3(5.0) Spellcasting
 + Level 7.1(6.9) Conjurations


You had 2 spell levels left.
You knew the following spells:

 Your Spells              Type           Power        Failure   Level
a - Magic Dart            Conj           ####         1%          1
b - Searing Ray           Conj           ####..       1%          2
c - Dazzling Flash        Conj/Hex       ###...       8%          3
d - Slow                  Hex            #.......     16%         2
e - Conjure Flame         Conj/Fire      ###.....     8%          3
f - Mephitic Cloud        Conj/Pois/Air  ###.....     13%         3
g - Blink                 Tloc           N/A          16%         2

Your spell library contained the following spells:

 Spells                   Type           Power        Failure   Level
 Foxfire                  Conj/Fire      ###.         2%          1
 Call Imp                 Summ           #.......     16%         2
 Fulminant Prism          Conj/Hex       ###.......   26%         4
 Iskenderun's Mystic Bla  Conj/Tloc      ###.....     26%         4
 Cause Fear               Hex            #.........   71%         4
 Dragon Form              Tmut           #.........   100%        7
 Dragon's Call            Summ           #.........   100%        9


Dungeon Overview and Level Annotations

Branches:
Dungeon (7/15)             Temple (0/1) D:7

Altars:
Ashenzari

Shops:
D:4 :   D:5 (

Annotations:
D:7 Maggie


Message History

Aim: Maggie, wielding a +1 halberd of draining and wearing cursed +0 steam dragon scales (severely wounded)
You throw a boomerang.
The boomerang hits Maggie but does no damage.
Maggie is severely wounded.
Maggie hits you but does no damage.
Casting: Searing Ray (safe; 1% risk of failure)
Confirm with . or Enter, or press ? or * to list all spells.
Aiming: Searing Ray (safe; 1% risk of failure)
Press: ? - help, Shift-Dir - straight line, f/p - Maggie
Aim: Maggie, wielding a +1 halberd of draining and wearing cursed +0 steam dragon scales (severely wounded)
The searing ray misses Maggie. (Press . to maintain the ray.) Maggie points at you and mumbles some strange words.
The bolt of fire hits you!!
* * * LOW HITPOINT WARNING * * *
The searing ray hits Maggie.
Maggie is severely wounded.
Maggie casts a spell at you. The bolt of fire hits you!!
You die...

#.# #..# #.# #..#
#.# #..# #.# #..#
# . #.# #÷.# ##.
.# #.# ##..####.#
#... #.#
#.#......###.....
#.#
##..####......#..
#.#
##....♣.@.......
#.#
#.#####...#.#..
#.#########.#
##.##
#.......>.(.# .#
###########.# .[
#.# ### #.# #..
###


You could see Maggie.

Vanquished Creatures
  Pikel (D:6)
  Edmund (D:4)
  A water moccasin (D:5)
  A sky beast (D:6)
  A black bear (D:6)
  An orc warrior (D:6)
  An ice beast (D:6)
  3 ogres
  4 lemures (D:6)
  A bullfrog (D:6)
  A scorpion (D:6)
  A howler monkey (D:5)
  A bullfrog skeleton (D:7)
  A jelly (D:5)
  A bullfrog zombie (D:3)
  2 hounds
  2 orc priests
  2 orc wizards
  Ijyb (D:3)
  Jessica (D:3)
  Terence (D:3)
  3 iguanas
  3 worker ants
  A hound zombie (D:6)
  5 adders
  4 gnolls (D:7)
  A shadow imp (D:7)
  3 ufetubi (D:6)
  An ooze (D:6)
  2 adder skeletons
  3 worms
  A dart slug (D:2)
  4 leopard geckos
  16 orcs
  8 bats
  4 giant cockroaches
  2 goblins
  8 hobgoblins
  7 kobolds
  A quokka (D:4)
  A ball python (D:5)
  4 frilled lizards
  2 leopard gecko skeletons
  7 rats
120 creatures vanquished.

Vanquished Creatures (collateral kills)
  A leopard gecko (D:6)
1 creature vanquished.

Grand Total: 121 creatures vanquished

Notes
Turn   | Place    | Note
-------+----------+-------------------------------------------
     0 | D:1      | Borbozo the Human Conjurer began the quest for the Orb.
     0 | D:1      | Reached XP level 1. HP: 13/13 MP: 3/3
   393 | D:1      | Reached XP level 2. HP: 19/19 MP: 0/5
   450 | D:1      | Learned a level 2 spell: Searing Ray
  1331 | D:2      | Reached XP level 3. HP: 24/24 MP: 2/6
  1830 | D:2      | Reached XP level 4. HP: 30/30 MP: 4/7
  2215 | D:3      | Reached skill level 5 in Conjurations
  2323 | D:3      | Noticed Terence
  2334 | D:3      | Killed Terence
  2598 | D:3      | Reached XP level 5. HP: 35/35 MP: 8/8
  2603 | D:3      | Learned a level 3 spell: Dazzling Flash
  2897 | D:3      | Noticed Jessica
  2901 | D:3      | Killed Jessica
  3149 | D:3      | Noticed Ijyb
  3155 | D:3      | Reached XP level 6. HP: 41/41 MP: 5/10
  3157 | D:3      | Killed Ijyb
  3163 | D:3      | Reached skill level 1 in Short Blades
  3526 | D:4      | Noticed an ogre
  3676 | D:4      | Killed an ogre
  3676 | D:4      | Reached XP level 7. HP: 47/47 MP: 4/12
  3842 | D:4      | Found Roxtio's Book Emporium.
  4214 | D:5      | Entered Level 5 of the Dungeon
  4214 | D:5      | Noticed a water moccasin
  4258 | D:5      | Killed a water moccasin
  4528 | D:5      | Noticed Edmund
  4561 | D:4      | Killed Edmund
  4561 | D:4      | Reached skill level 1 in Fighting
  4922 | D:5      | Reached skill level 6 in Conjurations
  4922 | D:5      | Reached XP level 8. HP: 54/54 MP: 9/13
  5170 | D:5      | Found Zomecuom's Antique Weapon Shoppe.
  5387 | D:4      | Bought a book of Minor Magic for 240 gold pieces
  5392 | D:4      | Learned a level 2 spell: Slow
  5396 | D:4      | Learned a level 3 spell: Conjure Flame
  5400 | D:4      | Learned a level 3 spell: Mephitic Cloud
  5443 | D:6      | Found a broken altar of Ashenzari.
  5459 | D:6      | Reached skill level 5 in Stealth
  6741 | D:6      | Noticed Pikel
  6789 | D:6      | Killed Pikel
  6789 | D:6      | Reached XP level 9. HP: 30/61 MP: 1/16
  6834 | D:6      | Reached skill level 5 in Dodging
  6834 | D:6      | Reached skill level 7 in Conjurations
  7109 | D:6      | Reached skill level 5 in Spellcasting
  7147 | D:6      | Learned a level 2 spell: Blink
  7281 | D:7      | Found a staircase to the Ecumenical Temple.
  7682 | D:7      | Noticed Maggie
  7754 | D:7      | Killed from afar by Maggie

Illustrated notes

Levels and vault maps discovered:
D:1:      dpeg_arrival_triangle_fractal, layout_basic
D:2:      layout_rooms
D:3:      layout_loops_ring, uniq_terence, uniq_jessica, uniq_ijyb
D:4:      layout_cave_pools, serial_shops, shop, sigmund_army
D:5:      layout_rooms, serial_shops, nicolae_shop_statue_plus, uniq_edmund
D:6:      layout_loops_corners, ashenzari_altar_1, uniq_pikel
D:7:      cheibrodos_shockbox, layout_loops_ring, minmay_temple_entry_glass,
          serial_rivers, chequers_serial_rivers_micro_e,
          chequers_serial_rivers_room_b, chequers_serial_rivers_marsh,
          chequers_serial_rivers_large_a, chequers_serial_rivers_micro_e,
          chequers_serial_rivers_micro_e, uniq_maggie

Skill      XL: |  1  2  3  4  5  6  7  8  9 |
---------------+----------------------------+-----
Conjurations   | 5 6 7 |  7.1
Stealth        | 3 4 5 |  5.9
Spellcasting   | 3 4 5 |  5.3
Short Blades   | 1 2 3 4 |  4.0
Dodging        | 3 4 5 |  5.7
Fighting       | 1 |  1.9

Action                   |  1- 3 |  4- 6 |  7- 9 || total
-------------------------+-------+-------+-------++-------
Melee: Dagger            |    10 |    36 |    88 ||   134
Throw: Boomerang         |       |       |     4 ||     4
 Cast: Magic Dart        |    31 |       |       ||    31
       Searing Ray       |    14 |    22 |    50 ||    86
       Conjure Flame     |       |       |     1 ||     1
       Slow              |       |       |     3 ||     3
  Use: Scroll            |     7 |     2 |     9 ||    18
       Potion            |       |       |     4 ||     4
 Stab: Sleeping          |     1 |     3 |     1 ||     5
Armor: Robe              |    12 |    30 |    38 ||    80
       Skin              |       |       |    14 ||    14
Dodge: Dodged            |    22 |    46 |   106 ||   174
Block: Other             |       |       |    36 ||    36

Table legend: (Time is in decaauts)
 A = Elapsed time spent in this place.
 B = Non-inter-level travel time spent in this place.
 C = Inter-level travel time spent in this place.
 D = Time resting spent in this place.
 E = Time spent auto-exploring this place.
 F = Levels seen in this place.
 G = Mean time per level.
                   A        B        C        D        E       F      G
               +--------+--------+--------+--------+--------+-----+--------+
         Total |   7721 |   7721 |      0 |   2502 |      0 |   7 | 1103.0 |
       Dungeon |   7721 |   7721 |      0 |   2502 |      0 |   7 | 1103.0 |
               +--------+--------+--------+--------+--------+-----+--------+

Top non-repeatable levels by time:
     D:6: 2009 daAuts
     D:1: 1316 daAuts
     D:3: 1252 daAuts
     D:5: 989 daAuts
     D:4: 987 daAuts
     D:2: 894 daAuts
     D:7: 271 daAuts
